 Dungeon Crawl Stone Soup version 0.22.1-1-ga44c0e56f4 (webtiles) character file.

116999 Jannitor the Fighter (level 16, -1/104 HPs)
             Began as a Tengu Chaos Knight on Sept 20, 2018.
             Slain by a spriggan rider
             ... wielding a +0 spear
             ... summoned by Xom
              (15 damage)
             ... on level 3 of the Swamp on Sept 21, 2018.
             The game lasted 01:10:41 (29484 turns).

Jannitor the Fighter (Tengu Chaos Knight)          Turns: 29484, Time: 01:10:41

Health: -1/104     AC: 21    Str: 20    XL:     16   Next: 72%
Magic:  26/26      EV: 13    Int: 13    God:    Xom [......]
Gold:   2556       SH: 17    Dex: 15    Spells: 21/27 levels left

rFire    + . .     SeeInvis +   w - +4 demon trident (elec)
rCold    + . .     Gourm    .   r - +2 shield
rNeg     . . .     Faith    .   S - +1 acid dragon scales
rPois    +         Spirit   .   (helmet unavailable)
rElec    .         Reflect  +   e - scarf {repulsion}
rCorr    +         Harm     .   (no gloves)
MR       +++..     Clarity  +   (boots unavailable)
Stlth    ++........             J - +3 amulet of reflection
HPRegen  0.27/turn              h - ring of protection from cold
MPRegen  0.20/turn              G - +6 ring of protection

@: about to teleport, grasped by roots, invisible, repel missiles, very slow
A: antennae 3, beak, talons 3, icy blue scales 1, molten scales 1, yellow scales
1, camouflage 1, agile 1, blink, blurry vision 1, clarity, fire resistance 1,
magic resistance 2, mutation resistance 1, poison resistance, able to fly 2
a: Fly, Blink, Renounce Religion


You were on level 3 of the Swamp.
You worshipped Xom.
You were a very special plaything of Xom.
You were hungry.

You visited 4 branches of the dungeon, and saw 26 of its levels.
You also visited: Volcano.

You collected 2781 gold pieces.
You spent 225 gold pieces at shops.

Inventory:

Hand Weapons
 a - the +8 short sword "Ezexuh" {holy, Dex+4}
   (You found it on level 7 of the Dungeon)

   It has been blessed by the Shining One to cause great damage to the undead
   and demons.
   It affects your dexterity (+4).
 b - a +0 blowgun
 p - a +1 dagger of electrocution
 w - a +4 demon trident of electrocution (weapon)
 H - a +0 short sword of chaos
 M - a +0 short sword of venom
Missiles
 j - 11 curare-tipped needles
Armour
 e - a scarf of repulsion (worn)
 k - the +4 plate armour of Duck's Teeth {MR+}
   (You took it off a vault guard on level 13 of the Dungeon)

   It affects your resistance to hostile enchantments.
 r - a +2 shield (worn)
 S - +1 acid dragon scales (worn)
Jewellery
 h - a ring of protection from cold (left hand)
 u - an uncursed ring of resist corrosion
 z - a +4 ring of evasion
 G - a +6 ring of protection (right hand)
 J - a +3 amulet of reflection (around neck)
Wands
 q - a wand of polymorph (4)
 t - a wand of acid (15)
 v - a wand of flame (29)
 A - a wand of digging (13)
 F - a wand of iceblast (9)
 X - a wand of random effects (30)
 Z - a wand of disintegration (16)
Scrolls
 d - 12 scrolls of identify
 f - 4 scrolls of immolation
 i - 15 scrolls of remove curse
 l - 5 scrolls of enchant armour
 n - a scroll of fog
 o - 3 scrolls of amnesia
 E - 3 scrolls of teleportation
 I - a scroll of brand weapon
 R - 2 scrolls of silence
 U - 2 scrolls of magic mapping
Potions
 g - 2 potions of berserk rage
 m - 2 potions of mutation
 x - 8 potions of curing
 B - a potion of agility
 K - 2 potions of might
 O - a potion of invisibility
 Q - 3 potions of haste
 V - 3 potions of brilliance
 Y - 2 potions of lignification
Miscellaneous
 C - a lamp of fire
 L - a fan of gales
Comestibles
 c - 38 rations


   Skills:
 + Level 13.6 Fighting
 - Level 12.0 Short Blades
 * Level 13.1 Polearms
 + Level 10.3 Armour
 + Level 12.5 Dodging
 + Level 10.5 Shields
 - Level 6.0 Spellcasting
 - Level 6.2 Air Magic
 + Level 7.8 Poison Magic


You had 21 spell levels left.
You knew the following spells:

 Your Spells              Type           Power        Failure   Level  Hunger
a - Poisonous Vapours     Pois/Air       ###...       3%          2    ##.....
b - Olgreb's Toxic Radia  Pois           ###.....     14%         4    ####...

Your spell library contained the following spells:

 Spells                   Type           Power        Failure   Level  Hunger
 Sting                    Conj/Pois      ##..         8%          1    None
 Mephitic Cloud           Conj/Pois/Air  ###.....     16%         3    ###....
 Confusing Touch          Hex            #.....       36%         1    None
 Freeze                   Ice            #...         36%         1    None
 Magic Dart               Conj           #...         36%         1    None
 Blink                    Tloc           N/A          50%         2    ##.....
 Call Imp                 Summ           #.......     50%         2    ##.....
 Slow                     Hex            #.......     50%         2    ##.....
 Throw Frost              Conj/Ice       #.....       50%         2    ##.....
 Confuse                  Hex            #.......     73%         3    ###....
 Conjure Flame            Conj/Fire      #.......     73%         3    ###....
 Gell's Gravitas          Tloc           #.........   73%         3    ###....
 Ozocubu's Armour         Chrm/Ice       #.......     73%         3    ###....
 Venom Bolt               Conj/Pois      ##........   90%         5    ######.
 Silence                  Hex/Air        ##........   96%         5    ######.
 Cause Fear               Hex            #.........   98%         4    ####...
 Petrify                  Tmut/Erth      #.......     98%         4    ####...
 Summon Ice Beast         Ice/Summ       #.......     98%         4    ####...
 Throw Icicle             Conj/Ice       #.......     98%         4    ####...
 Metabolic Englaciation   Hex/Ice        #.........   100%        5    ######.
 Yara's Violent Unravell  Hex/Tmut       #.........   100%        5    ######.
 Deflect Missiles         Chrm/Air       ##........   100%        6    #######
 Discord                  Hex            #.........   100%        8    #######


Dungeon Overview and Level Annotations

Branches:
Dungeon (15/15)            Temple (0/1) D:4            Lair (6/6) D:10
  Swamp (3/4) Lair:4        Snake (0/4) Lair:2        Slime (0/5) Lair:5
    Orc (2/2) D:12            Elf (0/3) Orc:2        Vaults (0/5) D:13
 Depths (0/5) D:15

Altars:
Ashenzari
Elyvilon
Fedhas
Gozag
Kikubaaqudgha
Okawaru
Vehumet
Wu Jian
Xom
Jiyva

Shops:
D:12 =   D:14 %   D:15 *   Orc:2 [!:*

Portals:
Pandemonium: Orc:2

Annotations:
D:7 1 runed door, Azzok's ghost, novice GnEn
D:8 2 transporters
D:14 3 runed doors, exclusion: obsidian statue, hurdos's ghost, adept DDBe
Lair:2 Gastronok
Lair:3 3 runed doors, exclusion: 2 oklob plants, Fyciun's ghost, journeyman MiFi; Saxarabo's ghost, journeyman GrFE
Lair:6 exclusion: door


Innate Abilities, Weirdness & Mutations

You have a beak for a mouth.
You have claws for feet.
You can fly continuously.
You have a pair of large antennae on your head. (SInv)
You are partially covered in icy blue scales. (AC +2)
You are partially covered in molten scales. (AC +2)
You are partially covered in yellow scales. (AC +2)
Your skin changes colour to match your surroundings (Stealth+).
You are agile. (Dex +2)
You can translocate small distances at will.
Scrolls take you a little longer to read.
You possess an exceptional clarity of mind.
Your flesh is heat resistant. (rF+)
You are highly resistant to hostile enchantments. (MR++)
You are somewhat resistant to further mutation.
Your system is resistant to poisons. (rPois)


Message History

You block the alligator's attack.
The alligator tail-slaps you but does no damage.
The shambling mangrove hits you!
You feel much better. The alligator closely misses you.
The alligator misses you.
The spriggan rider hits you from afar with a spear!
You block the spriggan rider's attack.
The spriggan rider hits you from afar with a spear.
Unknown command.
Okay, then.
You fade into invisibility!
The shambling mangrove hits you!!
* * * LOW HITPOINT WARNING * * *
You block the alligator's attack. The alligator misses you.
The spriggan rider hits you but does no damage.
The spriggan rider hits you from afar with a spear.
* * * LOW HITPOINT WARNING * * *
The spriggan rider hits you from afar with a spear!
You die... "I guess I need a new plaything now."

♣≈.≈≈♣....≈ ♣♣≈.§≈≈≈.≈≈♣
♣≈..≈≈♣≈..≈♣ ♣.♣
♣≈≈.≈≈≈≈...♣♣≈...♣♣.♣
♣♣≈≈.≈≈≈≈.♣.♣♣≈♣..♣♣.♣♣
♣[≈≈≈≈≈≈≈...♣♣..≈.....♣
♣♣≈≈≈.i♣≈≈≈.♣♣.≈..♣♣≈≈♣
♣.≈≈≈..f@≈..♣♣.≈≈≈♣♣≈≈♣
≈.♣§≈≈.≈t≈≈≈≈.♣<≈≈.♣♣≈.♣
.≈≈≈.≈≈ii≈≈..≈♣.♣..♣).≈♣♣
♣≈♣♣.≈≈≈≈≈≈.≈≈...≈≈.♣.≈≈♣♣
. ♣....≈.......≈§≈.♣.≈≈≈≈§
.≈≈♣♣.≈.♣♣......§.♣♣.≈≈≈.
♣♣.♣ ♣.≈.≈≈≈<≈≈≈.♣≈♣♣.≈♣≈.
♣. ♣.♣$≈≈...≈≈..§♣♣≈≈≈≈.
..♣♣≈≈≈≈.≈≈≈≈.♣♣≈§≈≈≈


You could see a shambling mangrove, an alligator and 3 spriggan riders.

Vanquished Creatures
  Kirke (Lair:6)
  Donald (Orc:2)
  A stone giant (Volcano)
  2 very ugly things (Swamp:1)
  Snorg (Lair:6)
  Josephine (Orc:2)
  A great orb of eyes (D:12)
  Erolcha (Orc:2)
  6 hydras
  7 vault guards (D:13)
  3 catoblepae
  4 two-headed ogres
  5 alligators
  2 death yaks (Lair:6)
  A centaur warrior (D:15)
  3 tengu warriors
  A satyr (D:11)
  6 orc high priests
  A queen ant (D:14)
  A soul eater (Orc:2)
  A sun demon (Orc:1)
  Sonja (D:11)
  3 spriggan druids
  3 unseen horrors
  A gelid demonspawn (Orc:2)
  A wizard (D:14)
  A wolf spider zombie (D:14)
  2 swamp dragons (Swamp:2)
  6 ugly things
  7 orc sorcerers (Orc:2)
  5 orc knights (Orc:2)
  A cyclops (D:12)
  A lindwurm (Lair:1)
  2 shambling mangroves
  3 manticores
  A deep elf mage (D:14)
  14 elephants
  Joseph (D:8)
  A torpor snail (Lair:6)
  Maurice (Orc:1)
  8 spiny frogs
  5 gargoyles
  9 black mambas
  An orange demon (Orc:2)
  6 komodo dragons
  2 kobold demonologists (D:14)
  A rime drake (Lair:2)
  3 efreet
  A tengu conjurer (D:13)
  6 trolls
  5 tyrant leeches
  2 polar bears
  7 hornets
  2 slime creatures (Swamp:1)
  6 bog bodies
  7 hippogriffs
  14 blink frogs
  7 wyverns
  3 spriggans
  4 shadows
  5 wraiths
  3 fire elementals (Volcano)
  A hog (shapeshifter) (D:14)
  63 yaks
  A hungry ghost (D:11)
  8 fire bats (Volcano)
  11 vampire mosquitoes
  A neqoxec (Orc:2)
  3 nagas (Lair:2)
  9 swamp worms
  3 wargs
  A soldier ant (Lair:5)
  3 acid dragons
  11 porcupines
  11 water moccasins
  5 swamp drakes
  5 ice beasts
  2 black bears
  5 phantoms
  36 orc warriors
  3 eyes of draining
  3 sky beasts
  10 ogres
  5 wolves (Lair:1)
  15 crocodiles
  8 centaurs
  9 big kobolds
  15 bullfrogs
  5 scorpions
  2 wyvern skeletons
  8 killer bees
  8 howler monkeys
  19 wights
  5 electric eels
  4 centaur zombies
  5 crimson imps
  2 quasits (D:12)
  6 lava snakes (Volcano)
  5 hounds
  4 jellies
  22 orc wizards
  24 orc priests
  A bullfrog skeleton (D:11)
  3 centaur skeletons
  5 iguanas
  13 worker ants
  A hound zombie (D:9)
  A hound skeleton (D:10)
  A worker ant zombie (D:9)
  A gnoll (D:7)
  16 adders
  8 shadow imps
  2 adder zombies
  6 worms
  4 dart slugs
  7 leopard geckos
  114 orcs
  3 ball pythons
  5 giant cockroaches
  2 hobgoblins (D:2)
  7 jackals
  42 kobolds
  4 quokkas
  5 bats
  8 frilled lizards
  4 goblins
  8 rats
849 creatures vanquished.

Vanquished Creatures (collateral kills)
  Louise (Swamp:1)
  A rakshasa (D:13)
  A centaur warrior (D:13)
  An ugly thing (D:13)
  A spiny frog (Lair:6)
  4 slime creatures (Swamp:1)
  5 yaks
  3 hogs (D:7)
  A human (D:7)
  2 vampire mosquitoes (Swamp:1)
  A centaur (D:13)
21 creatures vanquished.

Vanquished Creatures (others)
  A hydra (D:12)
  2 cyclopes (D:14)
  A molten gargoyle (Volcano)
  A yaktaur (Orc:2)
  3 humans (Lair:6)
  A centaur (D:13)
  A bullfrog (D:6)
  9 fungi
  14 plants
  5 withered plants (Lair:3)
38 creatures vanquished.

Grand Total: 908 creatures vanquished

Notes
Turn   | Place    | Note
-------+----------+-------------------------------------------
     0 | D:1      | Jannitor the Tengu Chaos Knight began the quest for the
                  | Orb.
     0 | D:1      | Reached XP level 1. HP: 14/14 MP: 2/2
    45 | D:1      | XOM: silly message
   235 | D:1      | Reached XP level 2. HP: 19/19 MP: 3/3
   646 | D:1      | XOM: give mutations
   646 | D:1      | Gained mutation: You expend magic power (3 MP) to
                  | strengthen your wands. [Xom's grace]
   646 | D:1      | Gained mutation: Your mind is acute. (Int +2) [Xom's grace]
   824 | D:1      | Reached XP level 3. HP: 23/23 MP: 4/4
   849 | D:2      | XOM: stealth player
   891 | D:2      | XOM: divination: detect creatures
  1030 | D:2      | XOM: scenery: create altars
  1037 | D:2      | XOM: give mutation
  1037 | D:2      | Gained mutation: You are resistant to hostile enchantments.
                  | (MR+) [Xom's grace]
  1075 | D:2      | XOM: butterfly on damage
  1201 | D:1      | XOM: give mutations
  1201 | D:1      | Gained mutation: You are agile. (Dex +2) [Xom's grace]
  1201 | D:1      | Gained mutation: Your mind is very acute. (Int +4) [Xom's
                  | grace]
  1201 | D:1      | Gained mutation: You are very agile. (Dex +4) [Xom's grace]
  1201 | D:1      | Gained mutation: You have a pair of small antennae on your
                  | head. [Xom's grace]
  1271 | D:2      | Reached XP level 4. HP: 21/28 MP: 5/5
  1659 | D:2      | XOM: scenery: create altars
  2241 | D:3      | Found a blossoming altar of Fedhas.
  2308 | D:3      | Gained mutation: You can fly. [Tengu growth]
  2308 | D:3      | Reached XP level 5. HP: 33/33 MP: 6/6
  2613 | D:3      | Found a radiant altar of Vehumet.
  2614 | D:3      | Found an ornate altar of the Wu Jian Council.
  2654 | D:3      | XOM: give mutation
  2654 | D:3      | Gained mutation: Your spells are a little harder to cast,
                  | but a little more powerful. [Xom's grace]
  2722 | D:3      | Found a shimmering altar of Xom.
  2775 | D:3      | Reached XP level 6. HP: 19/38 MP: 7/7
  3201 | D:3      | Found an ancient bone altar of Kikubaaqudgha.
  3381 | D:3      | XOM: stat loss: -1 Int (16/17)
  3636 | D:4      | Noticed a phantom
  3685 | D:4      | Reached skill level 5 in Short Blades
  3691 | D:4      | XOM: divination: magic mapping
  3927 | D:4      | Found a staircase to the Ecumenical Temple.
  3946 | D:4      | Reached XP level 7. HP: 35/44 MP: 8/8
  4007 | D:4      | XOM: scenery: 1 doors open
  4074 | D:4      | XOM: scenery: 1 doors close
  4125 | D:4      | XOM: confuse monster(s)
  4203 | D:4      | Reached skill level 5 in Fighting
  4203 | D:4      | Reached skill level 5 in Armour
  4228 | D:4      | Found an iron altar of Okawaru.
  4426 | D:4      | XOM: 1-stop teleportation journey
  4447 | D:4      | XOM: god gift: scroll labeled DOAZYVVAANE {god gift}
  4495 | D:4      | XOM: cleaving
  4501 | D:4      | Reached XP level 8. HP: 28/49 MP: 9/9
  4772 | D:5      | Entered Level 5 of the Dungeon
  4920 | D:5      | Reached skill level 5 in Dodging
  5049 | D:5      | XOM: god gift: 2 fuming silvery potions {god gift}
  5409 | D:5      | XOM: summons 1 hostile demon
  5701 | D:6      | Found a shattered altar of Ashenzari.
  5835 | D:6      | Found a white marble altar of Elyvilon.
  5981 | D:6      | XOM: summons friendly shadow imp
  6232 | D:6      | Reached skill level 1 in Shields
  6314 | D:6      | Reached XP level 9. HP: 55/55 MP: 6/10
  6369 | D:6      | XOM: summons 2 hostile shadow creatures
  6979 | D:7      | Found the +0 Maxwell's etheric cage {RegenMP+ *Contam rElec
                  | MP+4}
  6986 | D:7      | XOM: medium Tloc miscast
  7050 | D:6      | XOM: summons 4 hostile shadow creatures
  7299 | D:7      | XOM: confusion
  7380 | D:7      | XOM: polymorph orc -> gnoll
  7507 | D:7      | XOM: scenery: create altars
  7559 | D:7      | XOM: harmless Conj miscast
  7713 | D:7      | Found a runed door.
  7713 | D:7      | Noticed a death knight
  7713 | D:7      | Noticed Azzok's ghost (novice GnEn)
  7736 | D:7      | XOM: mild Hex miscast
  7766 | D:7      | XOM: noise
  7842 | D:7      | Got a slimy short sword
  7843 | D:7      | Identified the +8 short sword "Ezexuh" {holy, Dex+4} (You
                  | found it on level 7 of the Dungeon)
  7845 | D:7      | XOM: enchant monster (bad)
  7853 | D:7      | XOM: fake destruction
  7859 | D:7      | XOM: summons friendly sixfirhy
  7867 | D:7      | XOM: give mutation
  7867 | D:7      | Gained mutation: You passively map a small area around you.
                  | [Xom's grace]
  7980 | D:7      | XOM: scenery: 1 doors close
  8129 | D:7      | XOM: god gift: ration
  8215 | D:8      | Noticed a hornet
  8222 | D:8      | Killed a hornet
  8338 | D:8      | XOM: confuse monster(s)
  8340 | D:8      | Reached XP level 10. HP: 63/63 MP: 11/11
  8381 | D:8      | Noticed Joseph
  8401 | D:8      | Killed Joseph
  8563 | D:8      | XOM: god gift: 47 gold pieces
  8589 | D:8      | Found a transporter.
  8590 | D:8      | Found the +2 pair of boots of the Assassin {Detection Stab+
                  | Stlth++}
  8680 | D:8      | Found a transporter.
  8735 | D:8      | XOM: give mutation
  8735 | D:8      | Gained mutation: You possess an exceptional clarity of
                  | mind. [Xom's grace]
  8993 | D:8      | XOM: 2-stop teleportation journey
  9278 | D:9      | XOM: give mutations
  9278 | D:9      | Gained mutation: You can translocate small distances at
                  | will. [Xom's grace]
  9278 | D:9      | Gained mutation: You are partially covered in thin metallic
                  | scales. (AC +2) [Xom's grace]
  9567 | D:9      | XOM: enchant monster (good)
  9600 | D:9      | XOM: scenery: 1 doors open
  9714 | D:9      | Reached skill level 5 in Shields
  9727 | D:9      | Found a shattered altar of Ashenzari.
  9732 | D:9      | XOM: harmless Pois miscast
  9820 | D:9      | Killed an unseen horror
 10342 | D:10     | Entered Level 10 of the Dungeon
 10377 | D:10     | XOM: god gift: dagger {god gift}
 10417 | D:10     | Reached XP level 11. HP: 68/68 MP: 12/12
 10651 | D:10     | Noticed a two-headed ogre
 10672 | D:10     | Killed a two-headed ogre
 10853 | D:10     | XOM: fog
 10992 | D:10     | XOM: give mutations
 10992 | D:10     | Gained mutation: Your magical capacity is low. (-10% MP)
                  | [Xom's mischief]
 10992 | D:10     | Gained mutation: Scrolls take you a little longer to read.
                  | [Xom's mischief]
 10992 | D:10     | Lost mutation: You possess an exceptional clarity of mind.
                  | [Xom's mischief]
 11001 | D:10     | XOM: harmless Tloc miscast
 11036 | D:10     | XOM: give mutations
 11036 | D:10     | Lost mutation: You expend magic power (3 MP) to strengthen
                  | your wands. [Xom's mischief]
 11036 | D:10     | Lost mutation: Your mind is very acute. (Int +4) [Xom's
                  | mischief]
 11036 | D:10     | Lost mutation: Scrolls take you a little longer to read.
                  | [Xom's mischief]
 11039 | D:10     | Found a staircase to the Lair.
 11057 | D:10     | XOM: cloud trail
 11291 | D:10     | XOM: divination: detect creatures
 11433 | D:11     | XOM: divination: magic mapping
 11434 | D:11     | XOM: divination: magic mapping
 11458 | D:11     | Noticed a two-headed ogre
 11464 | D:11     | XOM: cast spell 'Summon Butterflies'
 11477 | D:11     | Killed a two-headed ogre
 11627 | D:11     | XOM: mild Erth miscast
 11629 | D:11     | XOM: enchant monster (bad)
 11920 | D:11     | Noticed an eight-headed hydra
 11931 | D:11     | Noticed a satyr
 11931 | D:11     | an eight-headed hydra changed into a satyr
 11931 | D:11     | XOM: polymorph eight-headed hydra -> satyr
 11939 | D:11     | Killed a satyr
 11939 | D:11     | Reached skill level 10 in Short Blades
 12070 | D:11     | Noticed Sonja
 12073 | D:11     | Killed Sonja
 12288 | D:12     | XOM: smoke on damage
 12293 | D:12     | XOM: confuse monster(s)
 12346 | D:12     | XOM: potion effect (might)
 12349 | D:12     | XOM: harmless Chrm miscast
 12353 | D:12     | Reached XP level 12. HP: 76/76 MP: 11/11
 12363 | D:12     | XOM: medium Hex miscast
 12540 | D:12     | XOM: divination: magic mapping
 12560 | D:12     | XOM: potion effect (brilliance)
 12575 | D:12     | Reached skill level 10 in Dodging
 12575 | D:12     | Noticed a great orb of eyes
 12575 | D:12     | a purple ugly thing changed into a great orb of eyes
 12575 | D:12     | XOM: polymorph purple ugly thing -> great orb of eyes
 12580 | D:12     | XOM: confuse monster(s)
 12586 | D:12     | Killed a great orb of eyes
 12623 | D:12     | XOM: divination: magic mapping
 12629 | D:12     | XOM: summons friendly crimson imp
 12639 | D:12     | Noticed an eight-headed hydra
 12643 | D:12     | Found Raimuhek's Jewellery Shop.
 12647 | D:12     | XOM: enchant monster (good)
 12664 | D:12     | XOM: repel stairs
 12670 | D:12     | Noticed a two-headed ogre
 12804 | D:11     | XOM: summons 2 friendly demons
 12807 | D:11     | Killed a two-headed ogre
 12917 | D:11     | XOM: give mutation
 12917 | D:11     | Gained mutation: Your system is resistant to poisons.
                  | (rPois) [Xom's grace]
 12964 | D:12     | Found a staircase to the Orcish Mines.
 13073 | D:12     | XOM: harmless Erth miscast
 13074 | D:12     | XOM: confuse monster(s)
 13077 | D:12     | Killed an eight-headed hydra
 13077 | D:12     | Reached skill level 10 in Fighting
 13077 | D:12     | XOM: divine lightning
 13220 | D:12     | Noticed a two-headed ogre
 13232 | D:12     | Killed a two-headed ogre
 13572 | Lair:1   | Entered Level 1 of the Lair of Beasts
 13585 | Lair:1   | XOM: divination: detect items
 13593 | Lair:1   | XOM: enchant monster (good)
 13792 | Lair:1   | XOM: smoke on damage
 13858 | Lair:1   | Found a dark tunnel.
 13860 | Lair:1   | XOM: divination: detect items
 13867 | Volcano  | Entered a volcano
 13924 | Volcano  | XOM: summons friendly crimson imp
 13930 | Volcano  | XOM: summons 2 friendly demons
 13994 | Volcano  | Found a burning altar of Makhleb.
 14003 | Volcano  | XOM: summons 6 friendly demons
 14024 | Volcano  | XOM: swap monsters
 14051 | Volcano  | XOM: summons 3 friendly demons
 14069 | Volcano  | Noticed a stone giant
 14072 | Volcano  | Lost mutation: Your spells are a little harder to cast, but
                  | a little more powerful. [potion of mutation]
 14072 | Volcano  | Lost mutation: You passively map a small area around you.
                  | [potion of mutation]
 14072 | Volcano  | Gained mutation: You are highly resistant to hostile
                  | enchantments. (MR++) [potion of mutation]
 14072 | Volcano  | Lost mutation: Your mind is acute. (Int +2) [potion of
                  | mutation]
 14072 | Volcano  | Gained mutation: You are partially covered in molten
                  | scales. (AC +2) [potion of mutation]
 14084 | Volcano  | Killed a stone giant
 14084 | Volcano  | Reached XP level 13. HP: 42/83 MP: 12/12
 14374 | Volcano  | XOM: cloud trail
 14467 | Lair:1   | XOM: potion effect (agility)
 14481 | Lair:1   | XOM: divination: detect creatures
 14535 | Lair:1   | XOM: cloud trail
 15406 | Lair:2   | XOM: silly message
 15445 | Lair:2   | XOM: harmless Chrm miscast
 15460 | Lair:2   | XOM: potion effect (might)
 15469 | Lair:2   | XOM: cast spell 'Summon Ice Beast'
 15541 | Lair:2   | XOM: medium Tloc miscast
 15708 | Lair:2   | XOM: mild Air miscast
 15869 | Lair:2   | Found a staircase to the Snake Pit.
 15926 | Lair:2   | Noticed Gastronok
 15929 | Lair:2   | XOM: potion effect (haste)
 15971 | Lair:3   | Reached skill level 1 in Polearms
 16097 | Lair:3   | XOM: harmless Summ miscast
 16098 | Lair:3   | XOM: potion effect (brilliance)
 16112 | Lair:3   | XOM: enchant monster (bad)
 16120 | Lair:3   | XOM: potion effect (brilliance)
 16451 | Lair:3   | XOM: confuse monster(s)
 16452 | Lair:3   | XOM: summons friendly crimson imp
 16518 | Lair:3   | XOM: noise
 16647 | Lair:3   | XOM: cleaving
 16793 | Lair:3   | XOM: divination: detect items
 16901 | Lair:3   | XOM: confuse monster(s)
 16998 | Lair:3   | Found a runed gate.
 16998 | Lair:3   | Found a runed gate.
 16998 | Lair:3   | Found a runed gate.
 16998 | Lair:3   | Noticed Fyciun's ghost (journeyman MiFi)
 16999 | Lair:3   | Noticed Saxarabo's ghost (journeyman GrFE)
 17258 | Lair:4   | XOM: noise
 17271 | Lair:4   | Reached skill level 5 in Polearms
 17294 | Lair:4   | Found a staircase to the Swamp.
 17310 | Lair:4   | Learned a level 2 spell: Poisonous Vapours
 17528 | Lair:4   | Reached skill level 1 in Air Magic
 17591 | Lair:4   | Reached skill level 1 in Poison Magic
 17652 | Lair:4   | XOM: 3-stop teleportation journey
 17684 | Lair:4   | Reached skill level 1 in Spellcasting
 17848 | Lair:4   | XOM: cloud trail
 17861 | Lair:4   | XOM: silly message
 17868 | Lair:4   | XOM: noise
 18147 | Lair:4   | XOM: give mutations
 18147 | Lair:4   | Gained mutation: You are partially covered in yellow
                  | scales. (AC +2) [Xom's grace]
 18147 | Lair:4   | Lost mutation: Your magical capacity is low. (-10% MP)
                  | [Xom's grace]
 18147 | Lair:4   | Gained mutation: Your muscles are strong. (Str +2) [Xom's
                  | grace]
 18147 | Lair:4   | Gained mutation: You have a pair of antennae on your head.
                  | [Xom's grace]
 18372 | Lair:4   | XOM: cloud trail
 18617 | Lair:5   | XOM: summons friendly crimson imp
 18629 | Lair:5   | XOM: confusion (+ monsters)
 18646 | Lair:5   | XOM: polymorph yak -> soldier ant
 18649 | Lair:5   | XOM: confuse monster(s)
 18655 | Lair:5   | XOM: potion effect (berserk rage)
 18657 | Lair:5   | XOM: repel stairs
 18667 | Lair:5   | Gained mutation: You can fly continuously. [Tengu growth]
 18667 | Lair:5   | Reached XP level 14. HP: 91/91 MP: 16/18
 18775 | Lair:5   | Found a staircase to the Slime Pits.
 18777 | Lair:5   | Found a viscous altar of Jiyva.
 18883 | Lair:5   | XOM: scenery: create altars
 18894 | Lair:5   | XOM: enchant monster (good)
 18921 | Lair:5   | XOM: enchant monster (good)
 18986 | Lair:5   | XOM: scenery: create altars
 19164 | Lair:5   | XOM: god gift: 41 gold pieces
 19185 | Lair:5   | XOM: confuse monster(s)
 19188 | Lair:5   | XOM: scenery: create altars
 19215 | Lair:5   | XOM: cast spell 'Olgreb's Toxic Radiance'
 19252 | Lair:5   | XOM: harmless Hex miscast
 19449 | Lair:5   | Learned a level 4 spell: Olgreb's Toxic Radiance
 19596 | Lair:6   | Entered Level 6 of the Lair of Beasts
 19626 | Lair:6   | XOM: fog
 19632 | Lair:5   | XOM: cleaving
 19725 | Lair:5   | XOM: confusion (+ monsters)
 19726 | Lair:5   | XOM: confusion (+ monsters)
 19732 | Lair:5   | XOM: enchant monster (good)
 19737 | Lair:5   | XOM: summons 14 friendly demons
 19800 | Lair:5   | XOM: medium Necr miscast
 19949 | Lair:6   | XOM: medium Hex miscast
 20025 | Lair:6   | XOM: scenery: create altars
 20033 | Lair:6   | XOM: cast spell 'Disjunction'
 20034 | Lair:6   | XOM: potion effect (berserk rage)
 20142 | Lair:6   | XOM: noise
 20171 | Lair:6   | XOM: divination: detect items
 20188 | Lair:6   | Reached skill level 5 in Air Magic
 20325 | Lair:6   | XOM: cleaving
 20331 | Lair:6   | Noticed Snorg
 20341 | Lair:6   | XOM: summons 14 friendly demons
 20346 | Lair:6   | Killed Snorg
 20412 | Lair:6   | XOM: destruction
 20454 | Lair:6   | XOM: god gift: 2 potions of lignification
 20537 | Lair:6   | Noticed Kirke
 20542 | Lair:6   | XOM: medium Air miscast
 20549 | Lair:6   | Killed Kirke
 20573 | Lair:6   | XOM: harmless Erth miscast
 20651 | Lair:6   | XOM: confuse monster(s)
 20656 | Lair:6   | XOM: cast spell 'Olgreb's Toxic Radiance'
 20849 | Lair:6   | XOM: mild Summ miscast
 20894 | Lair:6   | XOM: noise
 20961 | Lair:6   | XOM: summons 2 hostile shadow creatures
 20978 | Lair:6   | XOM: god gift: shiny lead wand {god gift}
 21248 | Orc:1    | Entered Level 1 of the Orcish Mines
 21361 | Orc:1    | XOM: 1-stop teleportation journey
 21362 | Orc:1    | Noticed Maurice
 21387 | Orc:1    | Killed Maurice
 21387 | Orc:1    | XOM: god gift: scroll of amnesia
 21441 | Orc:1    | XOM: enchant monster (good)
 21576 | Orc:2    | Entered Level 2 of the Orcish Mines
 21583 | Orc:2    | XOM: harmless Summ miscast
 21619 | Orc:2    | XOM: give mutations
 21619 | Orc:2    | Gained mutation: Your spells are a little harder to cast,
                  | but a little more powerful. [Xom's grace]
 21619 | Orc:2    | Gained mutation: Your flesh is heat resistant. (rF+) [Xom's
                  | grace]
 21619 | Orc:2    | Gained mutation: You evolve. [Xom's grace]
 21705 | Orc:1    | Reached skill level 5 in Poison Magic
 21705 | Orc:1    | XOM: confuse monster(s)
 21802 | Orc:2    | XOM: confuse monster(s)
 21809 | Orc:2    | Found Lirphy's General Store.
 21809 | Orc:2    | Noticed Josephine
 21815 | Orc:2    | Found Biugiezaut's Distillery.
 21819 | Orc:2    | XOM: cast spell 'Dispersal'
 21820 | Orc:2    | XOM: swap monsters
 21894 | Orc:2    | Killed Josephine
 21910 | Orc:1    | Reached XP level 15. HP: 50/97 MP: 21/23
 22027 | Orc:1    | XOM: torment (40/97 hp)
 22385 | Orc:2    | Gained mutation: Your skin changes colour to match your
                  | surroundings (Stealth+). [evolution]
 22385 | Orc:2    | Lost mutation: You evolve. [end of evolution]
 22551 | Orc:2    | Reached skill level 10 in Polearms
 22556 | Orc:2    | Gained mutation: Scrolls take you a little longer to read.
                  | [a neqoxec]
 22595 | Orc:2    | Bought a potion of heal wounds for 75 gold pieces
 22595 | Orc:2    | Bought a potion of heal wounds for 75 gold pieces
 22595 | Orc:2    | Bought a potion of heal wounds for 75 gold pieces
 22639 | Orc:2    | XOM: potion effect (invisibility)
 22653 | Orc:2    | XOM: polymorph orc sorcerer -> yaktaur
 22657 | Orc:2    | XOM: medium Fire miscast
 22660 | Orc:2    | Reached skill level 5 in Spellcasting
 22752 | Orc:2    | XOM: give mutations
 22752 | Orc:2    | Lost mutation: You are very agile. (Dex +4) [Xom's
                  | mischief]
 22752 | Orc:2    | Lost mutation: Your muscles are strong. (Str +2) [Xom's
                  | mischief]
 22752 | Orc:2    | Lost mutation: You are partially covered in thin metallic
                  | scales. (AC +2) [Xom's mischief]
 22752 | Orc:2    | Lost mutation: Your spells are a little harder to cast, but
                  | a little more powerful. [Xom's mischief]
 22809 | Orc:2    | Found Zutusky's Book Shoppe.
 22809 | Orc:2    | Found Meimo's Antique Armour Emporium.
 22809 | Orc:2    | Found a one-way gate leading to the halls of Pandemonium.
 22937 | Orc:2    | XOM: god gift: 32 gold pieces
 23059 | Orc:2    | Noticed Donald
 23061 | Orc:2    | XOM: harmless Pois miscast
 23062 | Orc:2    | XOM: harmless Chrm miscast
 23078 | Orc:2    | XOM: swap monsters
 23149 | Orc:1    | XOM: noise
 23333 | Orc:2    | Killed Donald
 23473 | Orc:2    | XOM: mild Chrm miscast
 23499 | Orc:2    | Found a staircase to the Elven Halls.
 23509 | Orc:2    | Noticed Erolcha
 23513 | Orc:2    | Killed Erolcha
 23829 | Orc:1    | XOM: mild Chrm miscast
 23959 | D:13     | XOM: summons 2 hostile demons
 23978 | D:13     | XOM: chaos upgrade
 24013 | D:13     | Got a jewelled plate armour
 24016 | D:13     | Identified the +4 plate armour of Duck's Teeth {MR+} (You
                  | took it off a vault guard on level 13 of the Dungeon)
 24033 | D:13     | XOM: god gift: ration
 24085 | D:13     | XOM: harmless Tloc miscast
 24151 | D:13     | XOM: 10-stop teleportation journey
 24341 | D:13     | XOM: polymorph vault guard -> tyrant leech
 24361 | D:13     | XOM: medium Erth miscast
 24432 | D:13     | XOM: torment (17/98 hp)
 24459 | D:12     | XOM: summons 7 hostile demons
 24873 | D:13     | XOM: medium Erth miscast
 24909 | D:13     | Found a gate to the Vaults.
 25003 | D:13     | XOM: god gift: 30 bolts
 25071 | D:13     | XOM: enchant monster (good)
 25546 | D:14     | XOM: cast spell 'Call Canine Familiar'
 25547 | D:14     | XOM: confuse monster(s)
 25605 | D:14     | XOM: scenery: 2 doors open, 1 doors close
 25634 | D:14     | XOM: 1-stop teleportation journey
 25725 | D:14     | XOM: god gift: 5 needles of sleeping
 25823 | D:14     | Found Doili's Food Shoppe.
 25824 | D:14     | Found a runed gate.
 25824 | D:14     | Found a runed gate.
 25824 | D:14     | Found a runed gate.
 25863 | D:14     | Noticed hurdos's ghost (adept DDBe)
 25864 | D:14     | Found Eckeuni Lac's Assorted Antiques.
 25864 | D:14     | Noticed an iron dragon
 25866 | D:14     | Found an opulent altar of Gozag.
 26129 | D:14     | XOM: scenery: 1 doors close
 26196 | D:14     | XOM: divination: detect items
 26203 | D:14     | XOM: enchant monster (good)
 26321 | D:14     | XOM: polymorph catoblepas -> queen ant
 26326 | D:14     | XOM: confuse monster(s)
 26458 | D:14     | Reached XP level 16. HP: 104/104 MP: 26/26
 26585 | D:14     | XOM: god gift: 22 stones
 26592 | D:14     | XOM: draining
 26603 | D:14     | XOM: confuse monster(s)
 26736 | D:14     | XOM: scenery: 2 doors close
 26758 | D:15     | Entered Level 15 of the Dungeon
 26865 | D:15     | XOM: potion effect (curing)
 26867 | D:15     | Reached skill level 10 in Shields
 26952 | D:15     | Found Pimeamp's General Store.
 27074 | D:15     | XOM: smoke on damage
 27150 | D:15     | Found a staircase to the Depths.
 27150 | D:15     | XOM: 4-stop teleportation journey
 27357 | D:15     | XOM: polymorph hippogriff -> hippogriff
 27623 | D:10     | XOM: god gift: blowgun {god gift}
 27737 | Swamp:1  | Entered Level 1 of the Swamp
 27778 | Swamp:1  | XOM: divination: magic mapping
 27912 | Swamp:1  | XOM: divination: detect creatures
 28095 | Swamp:1  | Noticed Louise
 28104 | Swamp:1  | Killed Louise
 28301 | Swamp:2  | Reached skill level 10 in Armour
 28311 | Swamp:2  | XOM: fake destruction
 28324 | Swamp:2  | Noticed a thorn hunter
 28329 | Swamp:2  | a thorn hunter changed into a shambling mangrove
 28329 | Swamp:2  | XOM: polymorph thorn hunter -> shambling mangrove
 28456 | Swamp:2  | XOM is BORED!
 28456 | Swamp:2  | XOM: give mutations
 28456 | Swamp:2  | Gained mutation: You are somewhat resistant to further
                  | mutation. [Xom's mischief]
 28560 | Swamp:2  | XOM: 9-stop teleportation journey
 28772 | Swamp:2  | XOM: give mutations
 28772 | Swamp:2  | Gained mutation: You possess an exceptional clarity of
                  | mind. [Xom's grace]
 28772 | Swamp:2  | Gained mutation: You have a pair of large antennae on your
                  | head. (SInv) [Xom's grace]
 28772 | Swamp:2  | Gained mutation: You are partially covered in icy blue
                  | scales. (AC +2) [Xom's grace]
 28783 | Swamp:2  | XOM: cast spell 'Discord'
 29150 | Swamp:3  | XOM: enchant monster (good)
 29194 | Swamp:3  | XOM: destruction
 29248 | Swamp:3  | XOM: repel stairs
 29251 | Swamp:3  | XOM: summons 8 hostile demons
 29471 | Swamp:3  | XOM: summons 3 hostile shadow creatures
 29484 | Swamp:3  | Slain by a spriggan rider

Skill      XL: |  1  2  3  4  5  6  7  8  9 10 11 12 13 14 15 16 |
---------------+-------------------------------------------------+-----
Dodging        | 2 3 4 6 7 8 9 11 12 | 12.5
Armour         | 3 4 5 6 7 8 9 10 | 10.3
Short Blades   | 4 5 6 7 9 10 11 12 | 12.0
Fighting       | 4 5 6 7 8 9 10 11 12 13 | 13.6
Shields        | 1 4 5 7 9 10 | 10.5
Polearms       | 6 9 12 13 | 13.1
Air Magic      | 2 6 |  6.2
Poison Magic   | 2 5 6 7 |  7.8
Spellcasting   | 2 4 6 |  6.0

Action                   |  1- 3 |  4- 6 |  7- 9 | 10-12 | 13-15 | 16-18 || total
-------------------------+-------+-------+-------+-------+-------+-------++-------
Melee: Short sword       |    85 |   179 |   385 |   707 |   117 |       ||  1473
       Peck              |    13 |    28 |    92 |   171 |   291 |    88 ||   683
       Kick              |    21 |    59 |   152 |   278 |   483 |   153 ||  1146
       Demon trident     |       |       |       |       |  1348 |   462 ||  1810
 Fire: Blowgun           |       |       |       |     1 |       |       ||     1
 Cast: Poisonous Vapours |       |       |       |       |     1 |       ||     1
       Olgreb's Toxic Ra |       |       |       |       |     3 |     2 ||     5
 Abil: Fly               |       |       |     1 |       |     1 |       ||     2
Evoke: Wand              |       |       |     3 |    19 |     4 |       ||    26
       Fan of gales      |       |       |       |     1 |     2 |       ||     3
       Box of beasts     |       |       |       |     1 |       |       ||     1
       Lamp of fire      |       |       |       |       |     1 |       ||     1
  Use: Potion            |       |     1 |       |     6 |     7 |     4 ||    18
       Scroll            |       |       |     2 |    11 |    18 |     4 ||    35
 Stab: Paralysed         |       |     1 |     5 |     2 |     3 |       ||    11
       Sleeping          |       |     1 |       |     1 |     5 |     2 ||     9
       Confused          |       |       |     3 |     4 |    17 |     1 ||    25
       Petrifying        |       |       |     1 |       |       |     1 ||     2
       Distracted        |       |       |       |     1 |     3 |       ||     4
       Petrified         |       |       |       |       |     3 |       ||     3
       Invisible         |       |       |       |       |     2 |       ||     2
  Eat: Chunk             |     1 |     9 |    10 |    16 |    41 |     6 ||    83
       Ration            |       |       |     1 |     1 |       |     1 ||     3
Armor: Leather armour    |    29 |    27 |    20 |    17 |    14 |       ||   107
       Ring mail         |       |       |    29 |    19 |       |       ||    48
       Acid dragon scale |       |       |       |    32 |   104 |    66 ||   202
       Skin              |       |       |       |     2 |       |       ||     2
Dodge: Dodged            |    55 |    73 |   221 |   376 |   859 |   290 ||  1874
       Deflected         |       |       |     5 |     6 |    11 |     7 ||    29
Block: Buckler           |       |       |    43 |   174 |   404 |       ||   621
       Reflection        |       |       |       |     4 |    35 |     3 ||    42
       Shield            |       |       |       |       |   141 |   302 ||   443
